 Dungeon Crawl Stone Soup version 0.18.1-50-g88ac8fd (webtiles) character file.

2536 Gargoyl the Grappler (level 9, -3/88 HPs)
             Began as a Troll Monk on Oct 9, 2016.
             Was a Believer of Makhleb.
             Slain by a four-headed hydra (13 damage)
             ... on level 8 of the Dungeon.
             The game lasted 00:18:27 (6652 turns).

Gargoyl the Grappler (Troll Monk)                   Turns: 6652, Time: 00:18:27

Health: -3/88      AC:  8    Str: 24    XL:     9   Next: 30%
Magic:  7/7        EV: 16    Int:  6    God:    Makhleb [**....]
Gold:   254        SH:  0    Dex: 12    Spells: 0 memorised, 8 levels left

rFire  . . .     SeeInvis +       - Unarmed
rCold  + . .     Gourm    +     a - +0 robe
rNeg   . . .     Faith    +     (no shield)
rPois  .         Spirit   .     (helmet restricted)
rElec  .         Dismiss  .     r - +1 cloak
rCorr  +         Reflect  .     (gloves unavailable)
SustAt .         Harm     .     (boots unavailable)
MR     .....                    j - amulet of faith
Stlth  +.........               z - ring "Neih Say" {rCorr rC+}
                                t - +3 ring of evasion

@: invisible, not resistant to hostile enchantments, very unstealthy
A: unfitting armour, claws 3, hooves 1, molten scales 1, see invisible, fast
metabolism 3, gourmand, low mp 1, regeneration 2, screaming 1, shaggy fur 1,
tough skin 2, wild magic 1
a: Minor Destruction, Renounce Religion


You were on level 8 of the Dungeon.
You worshipped Makhleb.
Makhleb was pleased with you.
You were full.

You visited 2 branches of the dungeon, and saw 9 of its levels.

You collected 468 gold pieces.
You spent 214 gold pieces at shops.

Inventory:

Hand Weapons
 A - a +0 giant club
Missiles
 e - 5 large rocks (quivered)
Armour
 a - a +0 robe (worn)
 o - a +1 shield
 r - a +1 cloak (worn)
Jewellery
 j - an amulet of faith (around neck)
 t - a +3 ring of evasion (left claw)
 y - an uncursed ring of see invisible
 z - the ring "Neih Say" (right claw) {rCorr rC+}
   (You found it on level 6 of the Dungeon)

   [ring of resist corrosion]

   It protects you from cold.
Wands
 q - a wand of iceblast (11/15)
 w - a wand of teleportation (3/9)
Scrolls
 g - 4 scrolls of identify
 h - 3 scrolls of amnesia
 k - 5 scrolls of remove curse
 x - 2 scrolls of magic mapping
 B - a scroll of enchant weapon
Potions
 c - 3 potions of flight
 d - a potion of degeneration
 p - 2 potions of curing
 s - a potion of agility
Books
 l - a book of Geomancy

   Spells                             Type                      Level
   a - Sandblast                      Earth                        1
   b - Passwall                       Transmutation/Earth          2
   c - Stone Arrow                    Conjuration/Earth            3
   d - Petrify                        Transmutation/Earth          4
   e - Lee's Rapid Deconstruction     Earth                        5
 v - a book of Minor Magic

   Spells                             Type                      Level
   a - Magic Dart                     Conjuration                  1
   b - Blink                          Translocation                2
   c - Call Imp                       Summoning                    2
   d - Repel Missiles                 Charms/Air                   2
   e - Slow                           Hexes                        2
   f - Conjure Flame                  Conjuration/Fire             3
   g - Mephitic Cloud                 Conjuration/Poison/Air       3
Comestibles
 b - 2 bread rations
 f - 2 meat rations
 m - 3 beef jerkies
 u - a slice of pizza
 D - a royal jelly


   Skills:
 + Level 5.0 Fighting
 + Level 0.3 Throwing
 + Level 6.9 Dodging
 + Level 1.8 Stealth
 + Level 3.3 Shields
 + Level 8.0 Unarmed Combat


You had 8 spell levels left.
You didn't know any spells.

Dungeon Overview and Level Annotations

Branches:
Dungeon (8/15)             Temple (1/1) D:6
   Lair: D:8-11

Altars:
Dithmenos
Elyvilon
Gozag
Kikubaaqudgha
Makhleb
Nemelex Xobeh
Pakellas
Qazlal
Ru
Sif Muna
Trog
Vehumet
Xom
Yredelemnul
Zin
The Shining One

Shops:
D:4 }   D:5 *   D:6 ?


Innate Abilities, Weirdness & Mutations

You are too large for most types of armour.
You have claws for hands.
Your metabolism is lightning-fast.
You like to eat raw meat.
You heal very quickly.
You are covered in fur (AC +1).
You have very tough skin (AC +2).
You have large cloven feet.
You are partially covered in molten scales (AC +1).
You have supernaturally acute eyesight.
Your magical capacity is low (-10% MP).
You occasionally shout uncontrollably at your foes.
Your spells are a little harder to cast, but a little more powerful.


Message History

As you read the scroll labeled YSHRUV LIOFI, it crumbles to dust.
You feel strangely unstable.
It was a scroll of teleportation.
The four-headed hydra misses you. The four-headed hydra bites you.
The four-headed hydra barely misses you.
The four-headed hydra bites you! The yak completely misses you.
The yak gores you!
* * * LOW HITPOINT WARNING * * *
Your surroundings seem slightly different.
The four-headed hydra misses you. The four-headed hydra bites you!
* * * LOW HITPOINT WARNING * * *
The four-headed hydra bites you but does no damage.
The four-headed hydra closely misses you.
The big kobold misses you.
Read which item? (? for menu, Esc to quit)
Okay, then.
Drink which item? (? for menu, Esc to quit)
You fade into invisibility!
The big kobold hits you but does no damage.
The four-headed hydra bites you!
You die...

... '.).... .... .....
#... #...# #### ##
##...##...####...##.
..........'........
........).#.....(.
##.####÷)###..##.# ###
####).###..##.######..
#....@KY....'.........
#....YDO....#.........
#......K...##..##.....
#.....##÷..##..##....#
...########<.(##..##...<.
...##....##..............
........................#
........OY.........†††...
..............##..##....#


You could see a four-headed hydra, 2 yaks, 2 big kobolds and an ogre.

Vanquished Creatures
  Grinder (D:4)
  The ghost of Heatwave the Reactionary, an amateur HaAr of Pakellas (D:4)
  An ice beast (D:5)
  2 sky beasts
  A phantom (D:7)
  4 ogres
  3 giant frogs
  A wyvern skeleton (D:3)
  2 scorpions (D:7)
  5 wights (D:6)
  3 howler monkeys (D:8)
  6 crimson imps
  A giant frog zombie (D:5)
  2 orc priests
  2 hounds
  Crazy Yiuf (D:4)
  2 iguanas
  2 worker ants
  3 orc wizards
  A killer bee zombie (D:5)
  3 hound zombies
  5 adders
  7 gnolls (D:7)
  2 oozes
  2 worms
  2 dart slugs
  4 giant geckos
  18 orcs
  5 giant cockroaches
  9 goblins
  5 hobgoblins
  9 jackals
  2 quokkas (D:6)
  3 ball pythons
  5 bats
  A giant gecko zombie (D:6)
  8 giant newts
  10 kobolds
  7 rats
151 creatures vanquished.

Vanquished Creatures (others)
  2 plants (D:8)
2 creatures vanquished.

Grand Total: 153 creatures vanquished

Notes
Turn   | Place    | Note
--------------------------------------------------------------
     0 | D:1      | Gargoyl the Troll Monk began the quest for the Orb.
     0 | D:1      | Reached XP level 1. HP: 22/22 MP: 0/0
   161 | D:1      | Reached XP level 2. HP: 26/29 MP: 1/1
   510 | D:1      | Reached XP level 3. HP: 36/36 MP: 2/2
   763 | D:2      | Found a stormy altar of Qazlal.
  1439 | D:3      | Reached skill level 5 in Unarmed Combat
  1439 | D:3      | Reached XP level 4. HP: 44/44 MP: 3/3
  1511 | D:3      | Found a white marble altar of Elyvilon.
  1929 | D:3      | Found a glowing silver altar of Zin.
  1963 | D:4      | Found Moacups's Gadget Emporium.
  2020 | D:4      | Noticed an ogre
  2028 | D:4      | Killed an ogre
  2028 | D:4      | Reached XP level 5. HP: 52/52 MP: 4/4
  2051 | D:4      | Noticed Grinder
  2056 | D:4      | Paralysed by Grinder for 2 turns
  2075 | D:4      | Killed Grinder
  2075 | D:4      | Reached skill level 6 in Unarmed Combat
  2075 | D:4      | Reached XP level 6. HP: 51/61 MP: 5/5
  2422 | D:4      | Noticed Crazy Yiuf
  2430 | D:4      | Killed Crazy Yiuf
  2525 | D:4      | Found a radiant altar of Vehumet.
  2526 | D:4      | Noticed Heatwave's ghost (amateur HaAr)
  2539 | D:4      | Killed Heatwave's ghost
  2539 | D:4      | Reached XP level 7. HP: 49/67 MP: 6/6
  2551 | D:4      | Found an opulent altar of Gozag.
  2551 | D:4      | Found a basalt altar of Yredelemnul.
  2552 | D:4      | Found a sparkling altar of Nemelex Xobeh.
  2644 | D:4      | Reached skill level 1 in Shields
  2922 | D:5      | Entered Level 5 of the Dungeon
  3312 | D:5      | Reached skill level 5 in Dodging
  3425 | D:5      | Reached XP level 8. HP: 74/78 MP: 7/7
  3429 | D:5      | Gained mutation: You tend to lose your temper in combat. [mutagenic meat]
  3430 | D:5      | Gained mutation: You have supernaturally acute eyesight. [mutagenic meat]
  3431 | D:5      | Gained mutation: Your magical capacity is low (-10% MP). [mutagenic meat]
  3432 | D:5      | Gained mutation: You are partially covered in molten scales (AC +1). [mutagenic meat]
  3572 | D:5      | Found a deep blue altar of Sif Muna.
  3788 | D:5      | Found an oddly glowing altar of Pakellas.
  3819 | D:5      | Found Qanlip Soe's Assorted Antiques.
  3822 | D:5      | Bought a yellow potion for 20 gold pieces
  4190 | D:6      | Reached skill level 7 in Unarmed Combat
  4202 | D:6      | Got an ancient jade ring
  4203 | D:6      | Identified the ring "Neih Say" {rCorr rC+} (You found it on level 6 of the Dungeon)
  4243 | D:6      | Found Omaicyde's Magic Scroll Shop.
  4251 | D:6      | Bought a scroll of enchant armour for 97 gold pieces
  4251 | D:6      | Bought a scroll of enchant weapon for 97 gold pieces
  5067 | D:6      | Found a staircase to the Ecumenical Temple.
  5821 | Temple   | Entered the Ecumenical Temple
  5883 | Temple   | Became a worshipper of Makhleb the Destroyer
  5883 | Temple   | Reached * piety under Makhleb
  5883 | Temple   | Reached ** piety under Makhleb
  6296 | D:7      | Reached XP level 9. HP: 79/87 MP: 7/7
  6375 | D:7      | Lost mutation: You tend to lose your temper in combat. [mutagenic meat]
  6376 | D:7      | Gained mutation: You occasionally shout uncontrollably at your foes. [mutagenic meat]
  6378 | D:7      | Gained mutation: You have large cloven feet. [mutagenic meat]
  6379 | D:7      | Gained mutation: Your spells are a little harder to cast, but a little more powerful. [mutagenic meat]
  6514 | D:8      | Reached skill level 5 in Fighting
  6532 | D:8      | Reached skill level 8 in Unarmed Combat
  6626 | D:8      | Noticed a two-headed hydra
  6652 | D:8      | Slain by a four-headed hydra

Skill      XL: |  1  2  3  4  5  6  7  8  9 |
---------------+----------------------------+-----
Unarmed Combat | 5 6 7 8 |  8.0
Dodging        | 3 4 5 6 |  6.9
Fighting       | 3 4 5 |  5.0
Shields        | 1 2 3 |  3.3
Throwing       | |  0.3
Stealth        | |  1.8

Action                   |  1- 3 |  4- 6 |  7- 9 || total
-------------------------+-------+-------+-------++-------
Melee: Unarmed           |   100 |    75 |   337 ||   512
       Punch             |     3 |       |       ||     3
       Kick              |       |       |    24 ||    24
Throw: Large rock        |       |     4 |     8 ||    12
Evoke: Wand              |       |       |     1 ||     1
  Use: Scroll            |     1 |     5 |     8 ||    14
       Potion            |       |       |     9 ||     9
  Eat: Chunk             |    10 |     9 |    49 ||    68
       Royal jelly       |       |     1 |       ||     1
       Bread ration      |       |       |     1 ||     1
Armor: Robe              |    36 |    18 |   120 ||   174
Dodge: Dodged            |    55 |    25 |   183 ||   263
Block: Shield            |       |    15 |   172 ||   187
